 Dungeon Sprint DCSS version 0.27-a0-74-gebd156f8b4 (webtiles) character file.

Game seed: 4288201981467848582

219360 rocky1 the Slayer (level 17, -12/128 HPs)
             Began as a Gargoyle Ice Elementalist on Jan 12, 2021.
             Was a High Priest of Cheibriados.
             Mangled by Antaeus (28 damage)
             ... in the Dungeon (Sprint IX: "|||||||||||||||||||||||||||||").
             The game lasted 00:51:48 (8064 turns).

rocky1 the Slayer (Gargoyle Ice Elementalist)       Turns: 8064, Time: 00:51:49

Health: -12/128    AC: 49    Str: 30    XL:     17   Next: 64%
Magic:  23/37      EV: 30    Int: 33    God:    Cheibriados [*****.]
Gold:   36         SH:  0    Dex: 27    Spells: 37/48 levels left

rFire    + . .     SeeInvis .   H - +3 war axe (vamp)
rCold    + . .     Faith    .   (no shield)
rNeg     + . .     Spirit   .   I - +4 ring mail {rF+}
rPois    ∞         Reflect  .   z - +2 hat
rElec    +         Harm     .   R - +2 cloak {Will+}
rCorr    .         Rampage  .   y - +2 pair of gloves {Dex+3}
Will     ++...     NoTele   +   F - +1 pair of boots
Stlth    ++........             M - amulet of regeneration
HPRegen  0.71/turn              A - ring of ice
MPRegen  0.25/turn              l - ring of protection from fire

@: mighty, icy armour, very slightly contaminated, invisible, very slow
A: big wings, negative energy resistance 1, electricity resistance, unbreathing,
petrification resistance, miasma immunity, AC +12
}: 4/17 runes: decaying, serpentine, barnacled, gossamer
a: Fly, Renounce Religion, Bend Time, Temporal Distortion, Slouch, Step From
Time


You were in the Dungeon.
You worshipped Cheibriados.
Cheibriados was extremely pleased with you.
You visited 1 branch You collected 1929 gold pieces.
You spent 1893 gold pieces at shops.

Inventory:

Hand Weapons
 b - a +2 long sword of flaming
 p - a +2 vorpal dire flail
 w - a +3 broad axe of flaming
 x - a +4 flail of protection
 H - a +3 vampiric war axe (weapon)
 N - a +1 vampiric battleaxe
 O - a +0 triple sword of electrocution
Missiles
 P - 32 silver javelins
 Q - 14 javelins
Armour
 u - a +2 robe of resistance
 v - a +0 buckler of protection
 y - a +2 pair of gloves of dexterity (worn)
 z - a +2 hat (worn)
 F - a +1 pair of boots (worn)
 G - a +2 ring mail of cold resistance
 I - a +4 ring mail of fire resistance (worn)
 R - a +2 cloak of willpower (worn)
Jewellery
 l - a ring of protection from fire (right hand)
 m - the ring "Itweent" {rPois rN+ Str-4 Slay+4 Stlth+}
   (You bought it in a shop in the Dungeon)

   [ring of stealth]

   It affects your strength (-4).
   It affects your accuracy and damage with ranged weapons and melee attacks
   (+4).
   It protects you from poison.
   It protects you from negative energy.
   It makes you more stealthy.
 n - a +2 ring of protection
 o - a +2 ring of evasion
 A - a ring of ice (left hand)
 B - an uncursed ring of wizardry
 D - an uncursed ring of protection from cold
 E - an uncursed ring of protection from cold
 J - a +4 ring of evasion
 K - an uncursed ring of wizardry
 L - a +4 ring of evasion
 M - an amulet of regeneration (around neck)
Wands
 k - a wand of acid (10)
Scrolls
 a - 4 scrolls of enchant weapon
 h - 5 scrolls of blinking
 i - 8 scrolls of remove curse
 j - 3 scrolls of amnesia
 r - 5 scrolls of fog
 s - 2 scrolls of fear
 t - 6 scrolls of enchant armour
Potions
 c - 11 potions of curing
 d - 2 potions of heal wounds
 e - 3 potions of brilliance
 f - 2 potions of magic
 q - 3 potions of might
 C - a potion of attraction


   Skills:
 + Level 21.8 Fighting
 + Level 10.4 Long Blades
 + Level 13.6(16.4) Axes
 - Level 16.8(18.7) Maces & Flails
 + Level 21.6 Armour
 + Level 17.7 Dodging
 - Level 2.1 Stealth
 + Level 8.6 Shields
 - Level 16.2 Spellcasting
 - Level 17.1 Conjurations
 - Level 17.8 Ice Magic
 - Level 12.3 Invocations
 - Level 10.9 Evocations


You had 37 spell levels left.
You knew the following spells:

 Your Spells              Type           Power        Failure   Level
a - Freeze                Ice            100%         0%          1
b - Frozen Ramparts       Ice            100%         0%          3
c - Ozocubu's Armour      Ice            100%         0%          3
d - Hailstorm             Conj/Ice       100%         0%          4

Your spell library contained the following spells:

 Spells                   Type           Power        Failure   Level
 Summon Ice Beast         Ice/Summ       91%          1%          4


Dungeon Overview and Level Annotations

Branches:
Dungeon (1/1)

Altars:
Cheibriados
Dithmenos
Elyvilon
Fedhas
Gozag
Hepliaklqana
Kikubaaqudgha
Makhleb
Nemelex Xobeh
Okawaru
Qazlal
Ru
Sif Muna
Trog
Uskayaw
Vehumet
Wu Jian
Xom
Yredelemnul
Zin
The Shining One
Beogh
Jiyva
Lugonu

Shops:
D =*[*

Annotations:
D Antaeus


Innate Abilities, Weirdness & Mutations

You are resistant to torment.
Your stone body is resilient. (AC +12)
You are immune to poison.
Your large and strong wings let you fly indefinitely.
You resist negative energy. (rN+)
You are resistant to electric shocks. (rElec)
You can survive without breathing.
You are immune to petrification.
You are immune to miasma.


Message History

Antaeus completely misses you. Antaeus hits you but does no damage.
You are very lightly contaminated with residual magic.
You feel much better. Antaeus hits you!! Antaeus freezes you!! You resist.
* * * LOW HITPOINT WARNING * * *
Antaeus hits you but does no damage.
Unknown command.
You feel very mighty all of a sudden. Antaeus gestures at you.
The bolt of lightning misses you.
Unknown command.
Okay, then.
Okay, then.
You feel a sense of dread.
H - a +3 vampiric war axe (weapon)
You barely miss Antaeus.
Antaeus is lightly wounded.
Antaeus hits you!
* * * LOW HITPOINT WARNING * * *
Antaeus freezes you!! You resist.
You die...

▓▓▓▓▓▓▓▓▓▓▓▓▓▓▓▓▓▓▓▓▓▓▓▓
)[.)))C@.[([))))+.....[[
▓▓▓▓▓▓▓▓▓▓▓▓▓▓▓▓▓▓▓▓▓▓▓▓▓▓▓▓▓▓▓▓▓
.........[.......................
▓▓▓▓▓▓▓▓▓▓▓▓▓▓▓▓▓▓▓▓▓▓▓▓▓▓▓▓▓▓▓▓▓
....))...)))')..)))).)))))'......
▓▓▓▓▓▓▓▓▓▓▓▓▓▓▓▓▓▓▓▓▓▓▓▓▓▓▓▓▓▓▓▓▓
.............................[.).
▓▓▓▓▓▓▓▓▓▓▓▓▓▓▓▓▓▓▓▓▓▓▓▓▓▓▓▓▓▓▓▓▓
....'....................[[[[[[..


You could see Antaeus.

Vanquished Creatures
  An ancient lich (D)
  Sojobo (D)
  Nikola (D)
  A lich (D)
  2 sphinxes (D)
  Agnes (D)
  Frances (D)
  2 tengu reavers (D)
  A storm dragon (D)
  2 shadow dragons (D)
  7 nagarajas (D)
  A frost giant (D)
  A fire giant (D)
  Ilsuiw (D)
  2 vault wardens (D)
  3 emperor scorpions (D)
  2 ghost moths (D)
  A spriggan defender (D)
  2 very ugly things (D)
  3 ironheart preservers (D)
  5 stone giants (D)
  A war gargoyle (D)
  A spark wasp (D)
  3 dire elephants (D)
  2 bunyips (D)
  A purple draconian (D)
  Snorg (D)
  An eleionoma (D)
  3 ettins (D)
  A merfolk impaler (D)
  3 merfolk javelineers (D)
  2 fire dragons (D)
  Erolcha (D)
  Josephine (D)
  3 yaktaur captains (D)
  A great orb of eyes (D)
  3 ice dragons (D)
  2 ogre magi (D)
  11 hydras (D)
  A spriggan air mage (D)
  25 vault guards (D)
  2 centaur warriors (D)
  3 merfolk aquamancers (D)
  4 merfolk avatars (D)
  An alligator (D)
  2 tengu warriors (D)
  A deep troll earth mage (D)
  3 orc high priests (D)
  2 shock serpents (D)
  A deep elf knight (D)
  A wizard (D)
  A sea snake (D)
  A spriggan druid (D)
  2 swamp dragons (D)
  2 unseen horrors (D)
  A glowing orange brain (D)
  2 ironbrand convokers (D)
  8 orc knights (D)
  A mana viper (D)
  7 wolf spiders (D)
  An ugly thing (D)
  4 manticores (D)
  2 will-o-the-wisps (D)
  5 elephants (D)
  5 guardian serpents (D)
  A merfolk siren (D)
  A water nymph (D)
  A gargoyle (D)
  5 black mambas (D)
  3 cane toads (D)
  A komodo dragon (D)
  2 rime drakes (D)
  3 freezing wraiths (D)
  3 demonic crawlers (D)
  An efreet (D)
  5 yaktaurs (D)
  A hornet (D)
  3 jumping spiders (D)
  3 merfolk (D)
  A polar bear (D)
  A slime creature (D)
  3 blink frogs (D)
  A snapping turtle (D)
  3 redbacks (D)
  2 tarantellas (D)
  A vampire (D)
  A water elemental (D)
  4 wraiths (D)
  A yak (D)
  A basilisk (D)
  2 vampire mosquitoes (D)
  A naga (D)
  2 acid dragons (D)
  A soldier ant (D)
  A water moccasin (D)
  A black bear (D)
  17 orc warriors (D)
  A swamp drake (D)
  A wolf (D)
  5 bullfrogs (D)
  A scorpion (D)
  3 orc priests (D)
  A hound (D)
  3 orc wizards (D)
  A hell rat (D)
  2 adders (D)
  An adder zombie (D)
  A worm (D)
  A dart slug (D)
  9 orcs (D)
  A quokka (D)
  A bat (D)
  A frilled lizard (D)
  2 goblins (D)
  A leopard gecko skeleton (D)
283 creatures vanquished.

Vanquished Creatures (others)
  An ogre mage (D)
  A naga (D)
  5 foxfires (D)
7 creatures vanquished.

Grand Total: 290 creatures vanquished

Notes
Turn   | Place    | Note
-------+----------+-------------------------------------------
     0 | D        | rocky1 the Gargoyle Ice Elementalist began the quest for
                  | the Orb.
     0 | D        | Reached XP level 1. HP: 10/10 MP: 3/3
    21 | D        | Reached skill level 1 in Fighting
   205 | D        | Reached XP level 2. HP: 17/17 MP: 3/5
   213 | D        | Reached skill level 5 in Ice Magic
   229 | D        | Reached XP level 3. HP: 4/22 MP: 7/7
   482 | D        | Learned a level 3 spell: Frozen Ramparts
   486 | D        | Learned a level 3 spell: Ozocubu's Armour
   489 | D        | Found a roughly hewn altar of Beogh.
   489 | D        | Found a snail-covered altar of Cheibriados.
   489 | D        | Found a shadowy altar of Dithmenos.
   489 | D        | Found a white marble altar of Elyvilon.
   489 | D        | Found a blossoming altar of Fedhas.
   489 | D        | Found an opulent altar of Gozag.
   490 | D        | Found a hazy altar of Hepliaklqana.
   491 | D        | Found a viscous altar of Jiyva.
   492 | D        | Found an ancient bone altar of Kikubaaqudgha.
   493 | D        | Found a corrupted altar of Lugonu.
   494 | D        | Found a burning altar of Makhleb.
   495 | D        | Found a sparkling altar of Nemelex Xobeh.
   496 | D        | Found an iron altar of Okawaru.
   503 | D        | Became a worshipper of Cheibriados the Contemplative
   508 | D        | Found a stormy altar of Qazlal.
   509 | D        | Found a sacrificial altar of Ru.
   510 | D        | Found a shimmering blue altar of Sif Muna.
   511 | D        | Found a bloodstained altar of Trog.
   512 | D        | Found a hide-covered altar of Uskayaw.
   513 | D        | Found a radiant altar of Vehumet.
   514 | D        | Found an ornate altar of the Wu Jian Council.
   515 | D        | Found a shimmering altar of Xom.
   516 | D        | Found a basalt altar of Yredelemnul.
   517 | D        | Found a glowing silver altar of Zin.
   518 | D        | Found a glowing golden altar of the Shining One.
   674 | D        | Noticed a soldier ant
   674 | D        | Noticed an orc warrior
   674 | D        | Noticed a yak
   674 | D        | Noticed a scorpion
   680 | D        | Killed a scorpion
   681 | D        | Reached skill level 1 in Maces & Flails
   681 | D        | Reached skill level 1 in Armour
   681 | D        | Reached skill level 1 in Invocations
   681 | D        | Reached skill level 1 in Evocations
   681 | D        | Reached XP level 4. HP: 28/28 MP: 1/9
   682 | D        | Killed a yak
   682 | D        | Reached * piety under Cheibriados
   683 | D        | Reached XP level 5. HP: 32/34 MP: 2/11
   686 | D        | Killed an orc warrior
   687 | D        | Reached skill level 5 in Fighting
   687 | D        | Reached skill level 5 in Spellcasting
   687 | D        | Reached XP level 6. HP: 38/40 MP: 2/13
   698 | D        | Killed a soldier ant
   698 | D        | Reached ** piety under Cheibriados
   699 | D        | Reached XP level 7. HP: 45/45 MP: 4/15
   779 | D        | Noticed a gargoyle
   779 | D        | Noticed a manticore
   779 | D        | Noticed a vampire mosquito
   779 | D        | Noticed a vampire
   784 | D        | Killed a vampire mosquito
   785 | D        | Reached skill level 5 in Maces & Flails
   785 | D        | Reached skill level 5 in Armour
   785 | D        | Reached skill level 5 in Dodging
   785 | D        | Reached skill level 5 in Invocations
   786 | D        | Killed a vampire
   786 | D        | Reached *** piety under Cheibriados
   793 | D        | Killed a manticore
   794 | D        | Reached skill level 5 in Evocations
   794 | D        | Reached XP level 8. HP: 31/53 MP: 8/17
   795 | D        | Killed a gargoyle
   795 | D        | Reached **** piety under Cheibriados
  1022 | D        | Noticed a blink frog
  1022 | D        | Noticed a cane toad
  1022 | D        | Noticed a cane toad
  1028 | D        | Noticed a rime drake
  1028 | D        | Killed a cane toad
  1029 | D        | Reached XP level 9. HP: 59/59 MP: 12/19
  1029 | D        | Reached ***** piety under Cheibriados
  1032 | D        | Killed a cane toad
  1036 | D        | Killed a rime drake
  1070 | D        | Learned a level 4 spell: Hailstorm
  1073 | D        | Noticed a komodo dragon
  1073 | D        | Noticed a rime drake
  1073 | D        | Noticed a polar bear
  1079 | D        | Reached ****** piety under Cheibriados
  1080 | D        | Reached skill level 1 in Conjurations
  1080 | D        | Reached XP level 10. HP: 66/66 MP: 15/21
  1083 | D        | Noticed a cane toad
  1091 | D        | Killed a cane toad
  1191 | D        | Noticed an elephant
  1191 | D        | Noticed a dire elephant
  1191 | D        | Noticed a dire elephant
  1191 | D        | Noticed an elephant
  1191 | D        | Noticed an elephant
  1191 | D        | Noticed an elephant
  1193 | D        | Noticed a dire elephant
  1199 | D        | Killed an elephant
  1200 | D        | Reached skill level 10 in Ice Magic
  1201 | D        | Killed an elephant
  1212 | D        | Killed a dire elephant
  1213 | D        | Reached skill level 10 in Fighting
  1213 | D        | Noticed an elephant
  1216 | D        | Killed a dire elephant
  1217 | D        | Reached skill level 5 in Conjurations
  1217 | D        | Reached XP level 11. HP: 43/72 MP: 5/23
  1219 | D        | Killed a dire elephant
  1220 | D        | Reached skill level 10 in Armour
  1220 | D        | Reached skill level 10 in Invocations
  1754 | D        | Noticed an orc high priest
  1767 | D        | Noticed an orc high priest
  1768 | D        | Killed an orc high priest
  1769 | D        | Noticed an orc high priest
  1789 | D        | Killed an orc high priest
  1798 | D        | Killed an orc high priest
  1804 | D        | Reached skill level 10 in Maces & Flails
  1869 | D        | Found Gaonit's Assorted Antiques.
  1869 | D        | Noticed an orc knight
  1869 | D        | Noticed an orc knight
  1870 | D        | Noticed an orc knight
  1874 | D        | Noticed an orc knight
  1878 | D        | Killed an orc knight
  1880 | D        | Killed an orc knight
  1884 | D        | Found Oroplu's Armour Shop.
  1891 | D        | Killed an orc knight
  1892 | D        | Reached XP level 12. HP: 45/80 MP: 19/25
  1893 | D        | Reached skill level 10 in Spellcasting
  2045 | D        | Found Ympill's Assorted Antiques.
  2049 | D        | Found Xiw Osm's Jewellery Shop.
  2069 | D        | Reached skill level 10 in Evocations
  2223 | D        | Bought a +0 pair of boots for 45 gold pieces
  2223 | D        | Bought a +2 pair of gloves of dexterity for 215 gold pieces
  2235 | D        | Bought an embroidered hat for 217 gold pieces
  2249 | D        | Bought an uncursed ring of protection from fire for 250
                  | gold pieces
  2249 | D        | Bought the ring "Itweent" {rPois rN+ Str-4 Slay+4 Stlth+}
                  | for 413 gold pieces
  2264 | D        | Bought a scroll of identify for 62 gold pieces
  2264 | D        | Bought a scroll labelled NOSIUNKURRA for 31 gold pieces
  2264 | D        | Bought a shiny ring mail for 217 gold pieces
  2264 | D        | Bought a scroll of enchant armour for 232 gold pieces
  2264 | D        | Bought a scroll of fog for 62 gold pieces
  2268 | D        | Bought a potion of curing for 51 gold pieces
  2268 | D        | Bought a scroll of fog for 34 gold pieces
  2268 | D        | Bought 2 blue potions for 30 gold pieces
  2268 | D        | Bought a scroll of fog for 34 gold pieces
  2342 | D        | Noticed Erolcha
  2358 | D        | Killed Erolcha
  2503 | D        | Noticed a fire dragon
  2512 | D        | Killed a fire dragon
  2517 | D        | Noticed a centaur warrior
  2525 | D        | Noticed a tengu warrior
  2528 | D        | Noticed a frost giant
  2532 | D        | Noticed a stone giant
  2535 | D        | Noticed a yaktaur captain
  2537 | D        | Killed a centaur warrior
  2538 | D        | Killed a tengu warrior
  2540 | D        | Noticed a great orb of eyes
  2551 | D        | Killed a frost giant
  2554 | D        | Killed a stone giant
  2555 | D        | Reached skill level 10 in Dodging
  2565 | D        | Killed a great orb of eyes
  2567 | D        | HP: 3/82 [yaktaur captain (7)]
  2568 | D        | Killed a yaktaur captain
  2569 | D        | Reached XP level 13. HP: 3/87 MP: 14/28
  2905 | D        | Noticed Agnes
  2921 | D        | Killed Agnes
  2922 | D        | Reached skill level 10 in Conjurations
  3497 | D        | Noticed an emperor scorpion
  3514 | D        | Killed an emperor scorpion
  3612 | D        | Noticed a bunyip
  3612 | D        | Noticed a bunyip
  3616 | D        | Noticed an eleionoma
  3621 | D        | Killed a bunyip
  3625 | D        | Killed an eleionoma
  3650 | D        | Killed a bunyip
  4097 | D        | Gained mutation: Your large and strong wings let you fly
                  | indefinitely. [Gargoyle growth]
  4097 | D        | Reached XP level 14. HP: 86/96 MP: 24/30
  4292 | D        | Noticed Snorg
  4301 | D        | Killed Snorg
  4538 | D        | Noticed Josephine
  4548 | D        | Killed Josephine
  4560 | D        | Noticed Frances
  4580 | D        | Killed Frances
  4700 | D        | Noticed a storm dragon
  4701 | D        | Noticed a spriggan defender
  4713 | D        | Reached skill level 15 in Fighting
  4728 | D        | Killed a storm dragon
  4736 | D        | Killed a spriggan defender
  4737 | D        | Reached skill level 15 in Armour
  4895 | D        | Noticed a cyan very ugly thing
  4897 | D        | Noticed a fire giant
  4901 | D        | Noticed a lich
  4903 | D        | Noticed a brown very ugly thing
  4913 | D        | Killed a cyan very ugly thing
  4914 | D        | Killed a fire giant
  4915 | D        | Reached skill level 15 in Ice Magic
  4930 | D        | Killed a lich
  4939 | D        | Killed a brown very ugly thing
  5060 | D        | Noticed a stone giant
  5061 | D        | Noticed a stone giant
  5074 | D        | Killed a stone giant
  5078 | D        | Killed a stone giant
  5150 | D        | Reached XP level 15. HP: 70/104 MP: 22/33
  5165 | D        | Noticed a vault warden
  5169 | D        | Reached skill level 15 in Maces & Flails
  5184 | D        | Killed a vault warden
  5614 | D        | Reached skill level 15 in Conjurations
  6163 | D        | Noticed Sojobo
  6163 | D        | Noticed a tengu reaver
  6164 | D        | Noticed a tengu reaver
  6186 | D        | Killed a tengu reaver
  6193 | D        | Killed a tengu reaver
  6202 | D        | Killed Sojobo
  6203 | D        | Reached skill level 15 in Spellcasting
  6324 | D        | Got a decaying rune of Zot
  6376 | D        | Noticed an emperor scorpion
  6406 | D        | Killed an emperor scorpion
  6407 | D        | Reached XP level 16. HP: 105/114 MP: 0/35
  6461 | D        | Got a gossamer rune of Zot
  6682 | D        | Noticed Ilsuiw
  6687 | D        | Reached skill level 1 in Axes
  6700 | D        | Killed Ilsuiw
  6739 | D        | Reached skill level 5 in Axes
  6739 | D        | Reached skill level 15 in Dodging
  6768 | D        | Got a barnacled rune of Zot
  6915 | D        | Noticed a nagaraja
  6915 | D        | Noticed a nagaraja
  6915 | D        | Noticed a nagaraja
  6920 | D        | Noticed a nagaraja
  6920 | D        | Noticed a nagaraja
  6923 | D        | Noticed a nagaraja
  6928 | D        | Killed a nagaraja
  6929 | D        | Killed a nagaraja
  6929 | D        | Killed a nagaraja
  6934 | D        | Killed a nagaraja
  6939 | D        | Killed a nagaraja
  6945 | D        | Killed a nagaraja
  6955 | D        | Noticed a nagaraja
  6969 | D        | Killed a nagaraja
  6974 | D        | Got a serpentine rune of Zot
  7153 | D        | Noticed Nikola
  7175 | D        | Killed Nikola
  7176 | D        | Reached skill level 10 in Axes
  7317 | D        | Reached skill level 5 in Long Blades
  7528 | D        | Reached XP level 17. HP: 124/124 MP: 5/37
  7642 | D        | Noticed an ancient lich
  7667 | D        | Reached skill level 1 in Shields
  7669 | D        | Killed an ancient lich
  7673 | D        | Noticed a sphinx
  7678 | D        | Reached skill level 5 in Shields
  7708 | D        | Killed a sphinx
  8048 | D        | Noticed Antaeus
  8048 | D        | Noticed a sphinx
  8053 | D        | Reached skill level 10 in Long Blades
  8055 | D        | Killed a sphinx
  8064 | D        | Mangled by Antaeus

Illustrated notes

Levels and vault maps discovered:
D:        linesprint [early_d, line_temple, items_1, d_10, items_2, lair_1,
          lair_end, items_3, orc_1, orc_end, items_4, d_15, swamp_1, shoals_1,
          snake_1, spider_1, d_20, vaults_1, items_5, swamp_end, shoals_end,
          snake_end, spider_end, vaults_end, d_27, items_6, zot_1, zot_end,
          crypt_end, forest_end, elf_end, slime_end, tomb_end, abyss_end,
          pan_hell_end]

Skill      XL: |  1  2  3  4  5  6  7  8  9 10 11 12 13 14 15 16 17 |
---------------+----------------------------------------------------+-----
Fighting       | 1 2 3 4 5 7 8 9 10 11 12 14 16 18 20 21 | 21.8
Dodging        | 2 3 4 5 6 7 8 9 10 11 13 14 16 17 | 17.7
Ice Magic      | 5 6 7 8 9 10 11 12 13 15 17 | 17.8
Spellcasting   | 3 4 5 6 7 8 9 11 12 14 15 16 | 16.2
Maces & Flails | 1 3 4 5 6 7 9 10 11 13 14 16 | 16.8
Armour         | 1 3 4 6 7 8 9 11 12 14 15 17 20 21 | 21.6
Invocations    | 1 3 4 6 7 8 9 11 12 | 12.3
Evocations     | 1 2 3 5 6 7 8 9 10 | 10.9
Conjurations   | 1 5 7 9 11 14 16 17 | 17.1
Axes           | 11 13 | 13.6
Long Blades    | 6 10 | 10.4
Shields        | 8 |  8.6
Stealth        | |  2.1

Action                   |  1- 3 |  4- 6 |  7- 9 | 10-12 | 13-15 | 16-18 || total
-------------------------+-------+-------+-------+-------+-------+-------++-------
Melee: Dagger            |    39 |       |       |       |       |       ||    39
       Unarmed           |     8 |       |       |       |       |       ||     8
       Dire flail        |     3 |    18 |    21 |   131 |   412 |   316 ||   901
       War axe           |       |       |       |       |       |     1 ||     1
 Cast: Freeze            |     4 |       |       |       |       |       ||     4
       Frozen Ramparts   |     1 |       |     4 |    11 |    25 |    15 ||    56
       Ozocubu's Armour  |     1 |       |     3 |     7 |    21 |     9 ||    41
       Hailstorm         |       |       |       |    27 |    19 |    21 ||    67
Invok: Slouch            |       |       |       |     3 |     3 |     7 ||    13
  Use: Potion            |     1 |       |       |     4 |     3 |     8 ||    16
       Scroll            |       |       |       |     3 |       |     1 ||     4
 Stab: Sleeping          |       |       |       |     1 |       |       ||     1
Armor: Robe              |    11 |     6 |     6 |    17 |       |       ||    40
       Ring mail         |       |       |       |    16 |   207 |   117 ||   340
Dodge: Dodged            |    27 |    10 |    31 |   122 |   414 |   237 ||   841

Table legend: (Time is in decaauts)
 A = Elapsed time spent in this place.
 B = Non-inter-level travel time spent in this place.
 C = Inter-level travel time spent in this place.
 D = Time resting spent in this place.
 E = Time spent auto-exploring this place.
 F = Levels seen in this place.
 G = Mean time per level.
                   A        B        C        D        E       F      G
               +--------+--------+--------+--------+--------+-----+--------+
         Total |   9312 |   9312 |      0 |   4896 |      0 |   1 | 9312.0 |
       Dungeon |   9312 |   9312 |      0 |   4896 |      0 |   1 | 9312.0 |
               +--------+--------+--------+--------+--------+-----+--------+

Top non-repeatable levels by time:
       D: 9312 daAuts
